 Dungeon Crawl Stone Soup version 0.18.1-6-gd335043 (webtiles) character file.

8 jacquesderrida the Charmwright (level 2, 3/22 HPs)
             Began as a Demonspawn Skald on May 15, 2016.
             Quit the game on level 1 of the Dungeon.
             The game lasted 00:00:17 (229 turns).

jacquesderrida the Charmwright (Demonspawn Skald)    Turns: 229, Time: 00:00:17

Health: 3/22       AC:  3    Str: 12    XL:     2   Next: 0%
Magic:  5/5        EV: 11    Int: 13    God:
Gold:   16         SH:  0    Dex: 12    Spells: 1 memorised, 4 levels left

rFire  . . .     SeeInvis .     a - +0 spear
rCold  . . .     Gourm    .     b - +0 leather armour
rNeg   . . .     Faith    .     (no shield)
rPois  .         Spirit   .     (no helmet)
rElec  .         Dismiss  .     (no cloak)
rCorr  .         Reflect  .     (no gloves)
SustAt .         Harm     .     (no boots)
MR     .....                    (no amulet)
Stlth  +.........               (no ring)
                                (no ring)

@: not resistant to hostile enchantments, very unstealthy
A: rot immunity
a: no special abilities


You were on level 1 of the Dungeon.
You were not hungry.

You visited 1 branch of the dungeon, and saw 1 of its levels.

You collected 16 gold pieces.

Inventory:

Hand Weapons
 a - a +0 spear (weapon)
Armour
 b - a +0 leather armour (worn)
Scrolls
 f - a scroll of teleportation {unknown}
Potions
 e - a potion of lignification {unknown}
Books
 c - a book of Battle

   Spells                             Type                      Level
   a - Infusion                       Charms                       1
   b - Shroud of Golubria             Charms/Translocation         2
   c - Song of Slaying                Charms                       2
   d - Spectral Weapon                Hexes/Charms                 3
   e - Regeneration                   Charms/Necromancy            3
Comestibles
 d - 2 bread rations
 g - a royal jelly


   Skills:
 + Level 2.0 Fighting
 + Level 2.0 Polearms
 + Level 0.8 Armour
 + Level 0.8 Dodging
 + Level 2.1 Spellcasting
 + Level 2.9 Charms


You had 4 spell levels left.
You knew the following spells:

 Your Spells              Type           Power        Failure   Level  Hunger
a - Infusion              Chrm           #...         12%         1    ##.....


Dungeon Overview and Level Annotations

Branches:
Dungeon (1/15)

Altars:


Innate Abilities, Weirdness & Mutations

You are immune to rotting.


Message History

* * * LOW HITPOINT WARNING * * *
The kobold closely misses you.
You closely miss the kobold.
The kobold is severely wounded.
The bat barely misses you. The kobold closely misses you.
You closely miss the kobold.
The kobold is severely wounded.
The bat misses you. The bat barely misses you. The kobold barely misses you.
You hit the kobold but do no damage.
The kobold is severely wounded.
The bat hits you.
* * * LOW HITPOINT WARNING * * *
The bat closely misses you. The kobold hits you but does no damage.
You hit the kobold.
You kill the kobold!
You have reached level 2!
Your demonic ancestry asserts itself...
You feel immune to rotting. The bat hits you but does no damage.
Are you sure you want to abandon this character and quit the game? (Confirm with "yes".)

#.#####.### #####
#..........
#...###..####.###
#........####.#
#...#.........#
).............##
##.#...#.###...# ### #
## ##.......#
#.#.####..... .####.
.............#..@....#
#.#X#.
..#......#.#####(##b...#
#.###. .###...###.. ..#
#.# #.# ## ..#....#
##..#.### #.# #.####
.#..#.# #....#... ...#
#.#... .##.#.# #.#.##.#.
.#.#####.#.#. .##.#.#
#.#.##.##.##.#.........
.##.#.#
#.#.##.##.##.#.###.#.#.
.##.#.#
#.#.##.#.#.#.#.###.....


You could see a bat.

Vanquished Creatures
  A bat (D:1)
  A giant cockroach (D:1)
  A goblin (D:1)
  3 kobolds (D:1)
  A rat (D:1)
7 creatures vanquished.

Notes
Turn   | Place    | Note
--------------------------------------------------------------
     0 | D:1      | jacquesderrida the Demonspawn Skald began the quest for the Orb.
     0 | D:1      | Reached XP level 1. HP: 16/16 MP: 3/3
     0 | D:1      | Noticed an orb of fire
     0 | D:1      | Noticed a tentacled monstrosity
     5 | D:1      | Noticed a tentacled monstrosity
     7 | D:1      | Noticed a tentacled monstrosity
    12 | D:1      | Noticed an ice dragon
    14 | D:1      | Noticed a tentacled monstrosity
    16 | D:1      | Noticed a large abomination
    16 | D:1      | Noticed a shadow dragon
    19 | D:1      | Noticed a white draconian
    19 | D:1      | Noticed a purple draconian
    21 | D:1      | Noticed a large abomination
   228 | D:1      | Gained mutation: You are immune to rotting. [demonic ancestry]
   228 | D:1      | Reached XP level 2. HP: 3/22 MP: 5/5
   229 | D:1      | Quit the game

Skill      XL: |  1 |
---------------+----+-----
Polearms       | 2 |  2.0
Fighting       | |  2.0
Armour         | |  0.8
Dodging        | |  0.8
Spellcasting   | |  2.1
Charms         | |  2.9

Action                   || total
-------------------------++-------
Melee: Spear             ||    41
Armor: Leather armour    ||     9
Dodge: Dodged            ||    27
